 Dungeon Crawl Stone Soup version 0.31.0-32-g396128a36d (webtiles) character file.

Game seed: 17091346053848115488

7847 Teferi the Cleaver (level 11, 0/104 HPs)
             Began as a Hill Orc Monk on Mar 16, 2024.
             Was an Elder of Beogh.
             Slain by a small abomination (8 damage)
             ... on level 2 of the Abyss.
             The game lasted 00:19:48 (11982 turns).

Teferi the Cleaver (Hill Orc Monk)                 Turns: 11982, Time: 00:19:48

Health: 0/104      AC: 14    Str: 24    XL:     11   Next: 21%
Magic:  27/27      EV:  8    Int: 14    God:    Beogh [****..]
Gold:   446        SH: 10    Dex: 13    Spells: 10/10 levels left

rFire   . . .        a - +0 war axe (venom)
rCold   . . .        r - +0 kite shield
rNeg    . . .        u - +4 chain mail {rPois}
rPois   +            (no helmet)
rElec   .            (no cloak)
rCorr   .            (no gloves)
SInv    .            w - +1 pair of boots "Rustuxku" {MP-9 Str+5 Int+4}
Will    .....        (no amulet) Stlth
                     M - ring of magical power
HPRegen 0.37/turn    m - ring of magical power
MPRegen 0.20/turn

%: no passive effects
@: studying Dodging
A: no striking features
a: Renounce Religion, Smiting, Recall Orcish Followers


You were on level 2 of the Abyss.
You worshipped Beogh.
Beogh was greatly pleased with you.
You visited 1 branch of the dungeon, and saw 11 of its levels.
You visited the Abyss 1 time.
You also visited: Bailey.

You collected 1041 gold pieces.
You spent 595 gold pieces at shops.


   Skills:
 + Level 12.2 Fighting
 + Level 12.2 Axes
 - Level 2.4 Dodging
 - Level 8.0 Shields
 + Level 10.2 Invocations


You had 10 spell levels left.
You didn't know any spells.
Your spell library contained the following spells:

 Spells                   Type           Power      Damage    Failure   Level
 Foxfire                  Conj/Fire      0%         2x1d4     98%         1
 Animate Armour           Summ/Erth      0%         N/A       100%        4
 Summon Lightning Spire   Summ/Air       0%         N/A       100%        4
 Vhi's Electric Charge    Tloc/Air       0%         N/A       100%        4
 Arcjolt                  Conj/Air       0%         1d10      100%        5
 Lee's Rapid Deconstruct  Erth           0%         3d4*      100%        5
 Plasma Beam              Fire/Air       0%         2x1d10    100%        6
 Starburst                Conj/Fire      0%         6d3       100%        6

Inventory:

Hand Weapons
 a - a +0 war axe of venom (weapon)
 b - a +4 flail
 x - a +0 trident of flaming
Missiles
 h - 15 curare-tipped darts {=f}
 i - 44 poisoned darts (quivered)
 y - 13 atropa-tipped darts
Armour
 r - a +0 kite shield (worn)
 u - a +4 chain mail of poison resistance (worn)
 w - the +1 pair of boots "Rustuxku" (worn) {MP-9 Str+5 Int+4}
   (You found it in a bailey)

   Str+5:     It affects your strength (+5).
   Int+4:     It affects your intelligence (+4).
   MP-9:      It affects your magic capacity (-9).
 C - a +0 plate armour
Jewellery
 m - a ring of magical power (right hand)
 F - a ring of fire
 M - a ring of magical power (left hand)
Wands
 c - a wand of flame (24)
 s - a wand of iceblast (19)
 v - a wand of charming (12)
 z - a wand of quicksilver (12)
Scrolls
 f - 4 scrolls of teleportation {@r2}
 j - 3 scrolls of vulnerability
 k - a scroll of silence {unknown}
 n - a scroll of summoning
 t - 2 scrolls of enchant armour
 B - 3 scrolls of poison {unknown}
 D - a scroll of noise {unknown}
 E - a scroll of amnesia {unknown}
 G - a scroll of blinking {unknown}
 H - a scroll of revelation {unknown}
Potions
 d - a potion of enlightenment {unknown}
 e - a potion of degeneration
 g - 5 potions of curing {@q1}
 l - 3 potions of heal wounds {@q2}
 o - a potion of berserk rage {!q}
 p - 2 potions of magic
 q - 3 potions of attraction
 A - 2 potions of might

Dungeon Overview and Level Annotations

Branches:
Dungeon (11/15)            Temple (0/1) D:7            Lair (0/5) D:10
 Bailey (visited)
    Orc: D:9-12

Altars:
Dithmenos
Fedhas
Kikubaaqudgha
Makhleb
Qazlal
Sif Muna
Trog
Vehumet
The Shining One

Shops:
D:5 [ D:9

* ... .# #.....
#.#.. ... #.....
## ..... . .. .
#
##..#..........>
.#.### . ......
... . .. ......
......... .. # .
.. ...###'####
## . .... #. #
...... ... ∩ #.
.. ..# #x#######
# #...## #.
#▓#@# . .## #. #
. ▓hh# ▓ ... ...
..#▓#.# ## . ...
... #.# . # #
#### #.# ## # #
# .. # #.# #..
.. ... # ..# #..
# . . #.§


You could see 2 raiju and a small abomination.


Message History

* * * LOW HITPOINT WARNING * * *
You block the small abomination's attack.
You completely miss the raiju.
The raiju is severely wounded.
You barely miss the raiju. You slash the small abomination!
The raiju bites you.
* * * LOW HITPOINT WARNING * * *
The raiju shocks you!
* * * LOW HITPOINT WARNING * * *
The raiju bites you!
* * * LOW HITPOINT WARNING * * *
The raiju shocks you!
* * * LOW HITPOINT WARNING * * *
The small abomination barely misses you.
You hit the raiju.
The raiju looks even sicker.
The raiju is almost dead.
You hit the raiju. You barely miss the small abomination.
The raiju bites you but does no damage. x2
You block the small abomination's attack.
Unknown command.
You slash the raiju!
You kill the raiju!
Beogh accepts your kill.
You closely miss the raiju. You hit the small abomination.
You block the raiju's attack. The small abomination hits you.
* * * LOW HITPOINT WARNING * * *
You barely miss the raiju.
You hit the small abomination but do no damage.
You hit the raiju.
The raiju looks even sicker.
The small abomination hits you!
You die...

Skill      XL: |  1  2  3  4  5  6  7  8  9 10 11 |
---------------+----------------------------------+-----
Fighting       | 4 5 6 10 11 12 | 12.2
Axes           | 5 6 7 8 9 10 12 | 12.2
Invocations    | 1 5 8 10 | 10.2
Shields        | 7 8 |  8.0
Dodging        | |  2.4

Action                     |  1- 3 |  4- 6 |  7- 9 | 10-12 || total
---------------------------+-------+-------+-------+-------++-------
  Melee: Hand axe          |   110 |   194 |    27 |       ||   331
         War axe           |       |       |   304 |   147 ||   451
 Invoke: Convert to Beogh  |       |     1 |       |       ||     1
         Smiting           |       |       |     6 |       ||     6
    Use: Potion            |       |     3 |       |       ||     3
         Scroll            |       |       |    10 |       ||    10
   Stab: Distracted        |       |       |       |     1 ||     1
 Armour: Robe              |     9 |       |       |       ||     9
         Ring mail         |    47 |   107 |    79 |       ||   233
         Chain mail        |       |       |   219 |   134 ||   353
  Dodge: Dodged            |    56 |   107 |   161 |    56 ||   380
  Block: Kite shield       |       |       |       |   100 ||   100

Levels and vault maps discovered:
D:1:      lightli_arrival_quake, layout_basic
D:2:      layout_basic, uniq_natasha
D:3:      layout_basic, uniq_ijyb
D:4:      layout_basic, uniq_eustachio
D:5:      layout_cave_pools, fedhas_altar_1, serial_shops, shop
D:6:      layout_basic, gammafunk_temple_overflow_forgotten,
          mainiacjoe_overflow_swirl
D:7:      layout_basic, nicolae_temple_entry_ecumenical, enter_bailey_6
D:8:      layout_layer_cave, nicolae_vehumet_radiance
D:9:      layout_gridville, nicolae_sif_muna_condensation,
          mainiacjoe_overflow_small_starburst, serial_shops, shop, serial_glass,
          glass_columns_b, glass_columns_b, glass_columns_a, glass_columns_b,
          glass_columns_c, glass_columns_a, glass_columns_c, glass_columns_b
D:10:     layout_irregular_city, due_lair_maze_entry_diamond,
          minmay_misc_feat_chi
D:11:     layout_loops_corners, david_orc_3, gammafunk_ghost_arena,
          dreamdust_princess_corridor, uniq_sonja
Abyss:2:  base:
D:4

Notes
Turn   | Place    | Note
-------+----------+-------------------------------------------
     0 | D:1      | Teferi the Hill Orc Monk began the quest for the Orb.
     0 | D:1      | Reached XP level 1. HP: 19/19 MP: 1/1
    96 | D:1      | Reached skill level 4 in Fighting
   102 | D:1      | Reached XP level 2. HP: 22/27 MP: 2/2
  1019 | D:2      | Reached skill level 5 in Axes
  1042 | D:2      | Reached XP level 3. HP: 21/33 MP: 3/3
  1262 | D:2      | Noticed Natasha
  1275 | D:2      | Killed Natasha
  1276 | D:2      | Reached skill level 6 in Axes
  1276 | D:2      | Reached XP level 4. HP: 28/41 MP: 4/4
  1333 | D:2      | You fall into a shaft and drop 2 floors!
  1764 | D:2      | Noticed Natasha
  1773 | D:2      | Killed Natasha
  1774 | D:2      | Reached skill level 5 in Fighting
  1806 | D:2      | Reached XP level 5. HP: 48/48 MP: 5/5
  1953 | D:2      | Noticed Natasha
  1964 | D:2      | Killed Natasha
  2433 | D:3      | Noticed Ijyb
  2462 | D:3      | Killed Ijyb
  2463 | D:3      | Reached skill level 7 in Axes
  2694 | D:3      | Became a worshipper of Beogh the Brigand
  2694 | D:3      | Reached * piety under Beogh
  2694 | D:3      | Reached ** piety under Beogh
  3299 | D:4      | Reached skill level 1 in Invocations
  3304 | D:4      | Reached XP level 6. HP: 56/56 MP: 7/7
  3310 | D:4      | Reached skill level 2 in Invocations
  3702 | D:4      | Reached skill level 8 in Axes
  3702 | D:4      | Reached skill level 3 in Invocations
  3743 | D:4      | Noticed Eustachio
  3775 | D:4      | Killed Eustachio
  3776 | D:4      | Reached skill level 5 in Invocations
  3776 | D:4      | Reached XP level 7. HP: 13/61 MP: 10/10
  4651 | D:4      | Reached skill level 6 in Fighting
  4849 | D:5      | Entered Level 5 of the Dungeon
  4849 | D:5      | Found a blossoming altar of Fedhas.
  5031 | D:5      | Reached skill level 9 in Axes
  5186 | D:5      | Reached XP level 8. HP: 70/70 MP: 11/11
  5451 | D:5      | Reached skill level 1 in Shields
  5600 | D:5      | Reached skill level 10 in Axes
  5600 | D:5      | Reached skill level 3 in Shields
  5886 | D:5      | Found Pibbyuwn's Antique Armour Shoppe.
  5894 | D:5      | Bought a runed chain mail for 187 gold pieces
  6142 | D:6      | Reached skill level 4 in Shields
  6171 | D:6      | Reached skill level 5 in Shields
  6333 | D:6      | Reached skill level 6 in Shields
  6700 | D:6      | Reached *** piety under Beogh
  6701 | D:6      | Reached skill level 7 in Shields
  6701 | D:6      | Reached XP level 9. HP: 60/75 MP: 12/12
  6896 | D:6      | Found a burning altar of Makhleb.
  6896 | D:6      | Found a shadowy altar of Dithmenos.
  6916 | D:6      | Reached skill level 8 in Shields
  7130 | D:6      | Reached skill level 7 in Fighting
  7263 | D:6      | Found a stormy altar of Qazlal.
  7276 | D:6      | Found a bloodstained altar of Trog.
  7421 | D:6      | Found an ancient bone altar of Kikubaaqudgha.
  7475 | D:7      | Reached skill level 8 in Fighting
  7859 | D:7      | Found a flagged portal.
  7868 | Bailey   | Entered a bailey
  7893 | Bailey   | Reached skill level 9 in Fighting
  8087 | Bailey   | Noticed an orc knight
  8103 | Bailey   | Reached skill level 10 in Fighting
  8283 | Bailey   | Found a bloodstained altar of Trog.
  8298 | Bailey   | Identified the +1 pair of boots "Rustuxku" {MP-9 Str+5
                  | Int+4}
  8662 | D:7      | Found a faded altar of an unknown god.
  8664 | D:7      | Found a staircase to the Ecumenical Temple.
  8715 | D:7      | Reached XP level 10. HP: 84/93 MP: 13/13
  8835 | D:7      | Paralysed by a hornet for 2 turns
  8841 | D:7      | Reached skill level 11 in Axes
  9401 | D:8      | Reached skill level 12 in Axes
  9613 | D:8      | Found a radiant altar of Vehumet.
 10260 | D:9      | Noticed a brown ugly thing
 10329 | D:9      | Noticed a two-headed ogre
 10330 | D:9      | Reached skill level 6 in Invocations
 10336 | D:9      | Killed a two-headed ogre
 10364 | D:9      | Found a glowing golden altar of the Shining One.
 10532 | D:9      | Reached skill level 7 in Invocations
 10535 | D:9      | Reached skill level 11 in Fighting
 10537 | D:9      | Gained Berold as an ally
 10544 | D:9      | Killed a brown ugly thing
 10612 | D:9      | Reached **** piety under Beogh
 10652 | D:9      | Reached skill level 8 in Invocations
 10658 | D:9      | Found Xigoed's General Store.
 10691 | D:9      | Bought a +0 war axe of venom for 86 gold pieces
 10691 | D:9      | Bought a +0 plate armour for 322 gold pieces
 10826 | D:9      | Found a shimmering blue altar of Sif Muna.
 10838 | D:9      | Identified the +4 quarterstaff of Ipse Dixit {flame, Int+3
                  | Dex+6}
 11084 | D:10     | Entered Level 10 of the Dungeon
 11221 | D:10     | Reached XP level 11. HP: 104/104 MP: 17/17
 11221 | D:10     | Found a staircase to the Lair.
 11227 | D:10     | Reached skill level 12 in Fighting
 11227 | D:10     | Reached skill level 9 in Invocations
 11309 | D:10     | Reached skill level 10 in Invocations
 11899 | D:11     | You are cast into the Abyss!
 11899 | Abyss:2  | Cast into level 2 of the Abyss (orc wizard)
 11979 | Abyss:2  | HP: 10/104 [raiju (9)]
 11982 | Abyss:2  | Slain by a small abomination

Vanquished Creatures
  An ugly thing (D:9)
  A troll (D:9)
  A raiju (Abyss:2)
  A wyvern (D:8)
  4 yaks (D:10)
  Eustachio (D:4)
  An acid dragon (D:6)
  2 water moccasins
  An ice beast (D:6)
  An orc warrior (Bailey)
  3 sky beasts
  3 black bears
  2 centaurs
  3 ogres
  5 kobold brigands
  A gnoll sergeant (D:5)
  A bullfrog (D:10)
  A scorpion (D:7)
  14 wights
  5 killer bees (D:10)
  6 bombardier beetles
  A howler monkey (D:4)
  3 hounds
  A jelly (D:4)
  An orc priest (D:4)
  A sleepcap (D:6)
  Ijyb (D:3)
  Natasha (thrice) (D:2)
  4 iguanas
  4 orc wizards
  11 gnolls
  6 adders
  A shadow imp (D:7)
  3 ribbon worms
  A dart slug (D:2)
  20 orcs
  5 endoplasms
  4 giant cockroaches
  3 goblins
  8 hobgoblins
  3 jackals (D:3)
  3 quokkas
  7 ball pythons
  6 bats
  9 frilled lizards
  21 kobolds
  6 rats
194 creatures vanquished.

Vanquished Creatures (collateral kills)
  A two-headed ogre (D:9)
  A komodo dragon (D:10)
  2 hornets
  A wyvern (D:8)
  5 yaks
  4 water moccasins
  2 sky beasts (D:7)
  A black bear (D:10)
  4 orc warriors
  2 centaurs
  2 kobold brigands (Bailey)
  3 bullfrogs
  4 wights
  6 killer bees
  2 orc priests
  5 orc wizards
  A gnoll (D:8)
  A shadow imp (D:8)
  A white imp (D:7)
  4 orcs
52 creatures vanquished.

Vanquished Creatures (others)
  An orc knight (Bailey)
  2 orc priests (D:10)
  An orc warrior (Bailey)
  6 orcs
10 creatures vanquished.

Grand Total: 256 creatures vanquished

Table legend: (Time is in decaauts)
 A = Elapsed time spent in this place.
 B = Non-inter-level travel time spent in this place.
 C = Inter-level travel time spent in this place.
 D = Time resting spent in this place.
 E = Time spent auto-exploring this place.
 F = Levels seen in this place.
 G = Mean time per level.
                   A        B        C        D        E       F      G
               +--------+--------+--------+--------+--------+-----+--------+
         Total |  11981 |  11648 |    333 |   2030 |   7804 |  13 |  921.6 |
       Dungeon |  11273 |  10940 |    333 |   1618 |   7643 |  11 | 1024.8 |
         Abyss |     82 |     82 |      0 |      4 |     54 |   1 |   82.0 |
        Bailey |    625 |    625 |      0 |    408 |    106 |   1 |  625.0 |
               +--------+--------+--------+--------+--------+-----+--------+

Top non-repeatable levels by time:
     D:4: 1825 daAuts
     D:6: 1342 daAuts
     D:8: 1197 daAuts
     D:3: 1115 daAuts
     D:5: 1104 daAuts
     D:2: 1036 daAuts
     D:7: 1025 daAuts
     D:1: 1018 daAuts
    D:10: 803 daAuts
     D:9: 794 daAuts
  Bailey: 625 daAuts
 Abyss:2: 82 daAuts
    D:11: 10 daAuts

Table legend:
 A = Non-vault XP
 B = Vault XP
 C = Vault XP percentage of total XP
 D = Non-vault monster count
 E = Vault monster count
 F = Vault count percentage of total count
                 A         B        C        D         E       F
            +---------+---------+-------+---------+---------+-------
      Total |    9435 |    1775 |  15.8 |     217 |      29 |  11.8
            +---------+---------+-------+---------+---------+-------
        D:1 |      27 |       0 |   0.0 |      19 |       0 |   0.0
        D:2 |     130 |      35 |  21.2 |      28 |       1 |   3.4
        D:3 |      37 |      36 |  49.3 |      13 |       1 |   7.1
        D:4 |     396 |     185 |  31.8 |      34 |       1 |   2.9
        D:5 |     822 |       0 |   0.0 |      20 |       0 |   0.0
        D:6 |    1669 |       0 |   0.0 |      23 |       0 |   0.0
        D:7 |     953 |       0 |   0.0 |      19 |       0 |   0.0
        D:8 |    1207 |       0 |   0.0 |      21 |       0 |   0.0
        D:9 |    2345 |       0 |   0.0 |      24 |       0 |   0.0
       D:10 |    1596 |     883 |  35.6 |      15 |       9 |  37.5
    Abyss:2 |     253 |       0 |   0.0 |       1 |       0 |   0.0
     Bailey |       0 |     636 | 100.0 |       0 |      17 | 100.0
            +---------+---------+-------+---------+---------+-------
